 Dungeon Crawl Stone Soup version 0.21.1-1-g345015fe64 (webtiles) character file.

259 Knicklaso the Ruffian (level 6, 0/53 HPs)
             Began as a Ghoul Ice Elementalist on Apr 14, 2018.
             Slain by a phantom (8 damage)
             ... on level 4 of the Dungeon.
             The game lasted 00:13:48 (2091 turns).

Knicklaso the Ruffian (Ghoul Ice Elementalist)      Turns: 2091, Time: 00:13:49

Health: 0/53       AC:  2    Str: 12    XL:     6   Next: 17%
Magic:  7/7        EV: 12    Int: 12    God:
Gold:   85         SH:  0    Dex:  9    Spells: 2/8 levels left

rFire    . . .     SeeInvis .   p - +1 dagger (elec)
rCold    + . .     Gourm    .   (no shield)
rNeg     + + +     Faith    .   a - +0 robe
rPois    ∞         Spirit   .   (no helmet)
rElec    .         Reflect  .   (no cloak)
rCorr    .         Harm     .   (no gloves)
MR       .....                  (no boots)
Stlth    ++........             (no amulet)
HPRegen  0.00/turn              (no ring)
MPRegen  0.10/turn              (no ring)

@: rotting
A: rotting body, claws 1, carnivore, cold resistance 1, negative energy
resistance 3, inhibited regeneration, torment resistance, unbreathing
a: no special abilities


You were on level 4 of the Dungeon.
You were not hungry.

You visited 1 branch of the dungeon, and saw 4 of its levels.

You collected 85 gold pieces.

Inventory:

Hand Weapons
 p - a +1 dagger of electrocution (weapon)
Missiles
 d - 96 stones (quivered)
Armour
 a - a +0 robe (worn)
Jewellery
 o - a +3 ring of protection {unknown}
 s - an uncursed ring of wizardry {unknown}
Wands
 t - a wand of iceblast (7)
Scrolls
 e - 3 scrolls of enchant weapon {unknown}
 i - 2 scrolls of remove curse {unknown}
 k - a scroll of magic mapping {unknown}
 l - a scroll of amnesia {unknown}
 m - 3 scrolls of teleportation {unknown}
 n - a scroll of immolation {unknown}
 q - a scroll of identify {unknown}
 r - a scroll of fear {unknown}
Potions
 h - a potion of curing
 u - a potion of haste {unknown}
 v - a potion of lignification {unknown}
Books
 b - a book of Frost

   Spells                             Type                      Level
   a - Freeze                         Ice                          1
   b - Throw Frost                    Conjuration/Ice              2
   c - Ozocubu's Armour               Charms/Ice                   3
   d - Throw Icicle                   Conjuration/Ice              4
   e - Summon Ice Beast               Ice/Summoning                4
Comestibles
 c - 6 rations


   Skills:
 + Level 4.4 Fighting
 - Level 1.7 Dodging
 - Level 2.1 Stealth
 + Level 4.4 Unarmed Combat
 - Level 1.7 Spellcasting
 - Level 0.7 Conjurations
 - Level 3.2 Ice Magic


You had 2 spell levels left.
You knew the following spells:

 Your Spells              Type           Power        Failure   Level  Hunger
a - Freeze                Ice            #...         8%          1    ##.....
b - Ozocubu's Armour      Chrm/Ice       #.......     38%         3    ####...
c - Throw Frost           Conj/Ice       #.....       19%         2    ###....


Dungeon Overview and Level Annotations

Branches:
Dungeon (4/15)
 Temple: D:4-7

Altars:
Ru

Annotations:
D:3 Grinder


Innate Abilities, Weirdness & Mutations

Your body is rotting away.
You thrive on raw meat.
You are immune to poison.
You have sharp fingernails.
You are carnivorous and can eat meat at any time.
Your flesh is cold resistant. (rC+)
You are immune to negative energy. (rN+++)
You do not regenerate when monsters are visible.
You are immune to unholy pain and torment.
You can survive without breathing.


Message History

You see here a scroll labeled BESTAE YMERRO.
e - 3 scrolls labeled BESTAE YMERRO (gained 1)
The frilled lizard closely misses you.
All of the chunks of flesh in your inventory have rotted away.
Found a ring mail.
You see here a ring mail.
Casting: Freeze
Confirm with . or Enter, or press ? or * to list all spells.
Aiming: Freeze
Press: ? - help, Shift-Dir - straight line, f - frilled lizard
Aim: a frilled lizard You freeze the frilled lizard.
You kill the frilled lizard!
Found a ration.
Found a stone staircase leading down.
The phantom blinks!
You feel a little less mighty now.
Found 8 gold pieces.
The phantom hits you!
You die...

######## #######
#.......
####.....
...###### #....%.
####.##.######
####...........>#
#
#.†.....##.####.#
###.#####
#[##.#####W# #.#
#........ #.##.#
#@####.#
#.#.#.#.# #.##.#
#..O...# #..###$
#.##.# #.#.#..#
### .# #.##.#
#.#.#..... .#
#.##.#
#.#$##.#### #.
#W##.# #...##.# .
#.# ##..##.# #
#.# ......# #.#
.... ..


You could see a phantom and an ogre.

Vanquished Creatures
  A hound (D:4)
  An orc wizard (D:3)
  Ijyb (D:3)
  Terence (D:3)
  A worker ant (D:4)
  4 adders
  2 oozes (D:1)
  4 dart slugs
  3 orcs (D:3)
  A ball python (D:1)
  3 giant cockroaches (D:2)
  11 goblins
  6 hobgoblins
  10 kobolds
  6 bats
  7 frilled lizards
  A quokka skeleton (D:2)
  13 rats
76 creatures vanquished.

Notes
Turn   | Place    | Note
-------+----------+-------------------------------------------
     0 | D:1      | Knicklaso the Ghoul Ice Elementalist began the quest for the Orb.
     0 | D:1      | Reached XP level 1. HP: 14/14 MP: 2/2
   100 | D:1      | Reached skill level 1 in Fighting
   100 | D:1      | Reached skill level 1 in Unarmed Combat
   101 | D:1      | Reached XP level 2. HP: 16/23 MP: 0/3
   400 | D:1      | Reached XP level 3. HP: 23/29 MP: 4/4
  1004 | D:2      | Reached XP level 4. HP: 29/37 MP: 1/5
  1437 | D:3      | Found a sacrificial altar of Ru.
  1491 | D:3      | Reached XP level 5. HP: 27/45 MP: 6/6
  1555 | D:3      | Noticed Terence
  1580 | D:3      | Killed Terence
  1591 | D:3      | Learned a level 3 spell: Ozocubu's Armour
  1594 | D:3      | Learned a level 2 spell: Throw Frost
  1674 | D:3      | Noticed Ijyb
  1692 | D:3      | Killed Ijyb
  1966 | D:3      | Noticed Grinder
  1979 | D:4      | Noticed an ice beast
  1998 | D:4      | Reached XP level 6. HP: 51/52 MP: 7/7
  2026 | D:4      | Noticed a phantom
  2036 | D:4      | HP: 2/53 [phantom (9)]
  2091 | D:4      | Slain by a phantom

Skill      XL: |  1  2  3  4  5 |
---------------+----------------+-----
Fighting       | 1 2 3 4 |  4.4
Unarmed Combat | 1 2 3 4 |  4.4
Dodging        | |  1.7
Stealth        | |  2.1
Spellcasting   | |  1.7
Conjurations   | |  0.7
Ice Magic      | |  3.2

Action                   |  1- 3 |  4- 6 || total
-------------------------+-------+-------++-------
Melee: Unarmed           |    92 |    33 ||   125
       Punch             |     1 |     1 ||     2
       Dagger            |       |    76 ||    76
 Cast: Freeze            |    32 |    49 ||    81
       Throw Frost       |       |     1 ||     1
  Use: Potion            |       |     3 ||     3
 Stab: Sleeping          |     3 |     1 ||     4
  Eat: Chunk             |    14 |    21 ||    35
Armor: Robe              |    31 |    23 ||    54
Dodge: Dodged            |    84 |    89 ||   173
